 Dungeon Crawl Stone Soup version 0.21-a0-437-ge5bf024 (webtiles) character file.

6 grizmgrazm2 the Magician (level 1, 0/14 HPs)
             Began as a Mummy Fire Elementalist on Nov 9, 2017.
             Slain by a gnoll
             ... wielding a +0 halberd
              (10 damage)
             ... on level 1 of the Dungeon.
             The game lasted 00:01:30 (455 turns).

grizmgrazm2 the Magician (Mummy Fire Elementalist)   Turns: 455, Time: 00:01:30

Health: 0/14       AC:  8    Str: 11    XL:     1   Next: 75%
Magic:  1/4        EV:  5    Int: 14    God:
Gold:   29         SH:  0    Dex: 12    Spells: 5/6 levels left

rFire    x . .     SeeInvis .   d - +0 club
rCold    + . .     Gourm    .   (no shield)
rNeg     + + +     Faith    .   e - +0 chain mail
rPois    ∞         Spirit   .   (no helmet)
rElec    .         Reflect  .   (no cloak)
rCorr    .         Harm     .   (no gloves)
MR       .....                  (no boots)
Stlth    ..........             (no amulet)
HPRegen  0.04/turn              (no ring)
MPRegen  0.09/turn              (no ring)

@: very slightly contaminated
A: no food or potions, fire vulnerability, cold resistance 1, negative energy
resistance 3, torment resistance, unbreathing
a: no special abilities


You were on level 1 of the Dungeon.
You were not hungry.

You visited 1 branch of the dungeon, and saw 1 of its levels.

You collected 29 gold pieces.

Inventory:

Hand Weapons
 d - a +0 club (weapon)
Armour
 a - a +0 robe
 e - a +0 chain mail (worn)
Scrolls
 c - a scroll of recharging {unknown}
 f - a scroll of identify {unknown}
Books
 b - a book of Flames

   Spells                             Type                      Level
   a - Flame Tongue                   Conjuration/Fire             1
   b - Throw Flame                    Conjuration/Fire             2
   c - Conjure Flame                  Conjuration/Fire             3
   d - Inner Flame                    Hexes/Fire                   3
   e - Sticky Flame                   Conjuration/Fire             4
   f - Fireball                       Conjuration/Fire             5


   Skills:
 * Level 0.5 Fighting
 - Level 1.5 Dodging
 - Level 1.5 Stealth
 + Level 3.0 Spellcasting
 + Level 0.9 Conjurations
 + Level 2.4 Fire Magic


You had 5 spell levels left.
You knew the following spells:

 Your Spells              Type           Power        Failure   Level  Hunger
a - Flame Tongue          Conj/Fire      #....        100%        1    N/A

Dungeon Overview and Level Annotations

Branches:
Dungeon (1/15)

Altars:


Innate Abilities, Weirdness & Mutations

You do not eat or drink.
Your flesh is vulnerable to fire.
You are immune to poison.
Your flesh is cold resistant. (rC+)
You are immune to negative energy. (rN+++)
You are immune to unholy pain and torment.
You can survive without breathing.


Message History

Aim: a gnoll, wielding a halberd You miscast Flame Tongue.
You are very lightly contaminated with residual magic.
The air around you burns with energy! The gnoll barely misses you.
The gnoll hits you with a halberd.
Casting: Flame Tongue
Confirm with . or Enter, or press ? or * to list all spells.
Aiming: Flame Tongue
Press: ? - help, Shift-Dir - straight line, f/p - gnoll
Aim: a gnoll, wielding a halberd You miscast Flame Tongue.
Heat runs through your body.
Casting: Flame Tongue
Confirm with . or Enter, or press ? or * to list all spells.
Aiming: Flame Tongue
Press: ? - help, Shift-Dir - straight line, f/p - gnoll
Aim: a gnoll, wielding a halberd You miscast Flame Tongue.
Sparks fly from your hands! The gnoll hits you with a halberd!
Ouch! That really hurt!
You die...

....# #.#.... #.#.# #.#..
#.#.# #...#
....#####...##
#.#.......>..##
#.............##
###..#.........#
###..##.......#########.#
.....###.......g@.......#
###...!.....#############
###.######.## ..#.# ###
#.#.## #....# .....#
####.# #.#


You could see a gnoll.

Vanquished Creatures
  A dart slug (D:1)
  A hobgoblin (D:1)
  2 kobolds (D:1)
4 creatures vanquished.

Notes
Turn   | Place    | Note
-------+----------+-------------------------------------------
     0 | D:1      | grizmgrazm2 the Mummy Fire Elementalist began the quest for the Orb.
     0 | D:1      | Reached XP level 1. HP: 13/13 MP: 4/4
   355 | D:1      | Reached skill level 3 in Spellcasting
   455 | D:1      | Slain by a gnoll

Vault maps used:
D:1:      minmay_arrival_three_doors

Skill      XL: |  1 |
---------------+----+-----
Spellcasting   | 3 |  3.0
Fighting       | |  0.5
Dodging        | |  1.5
Stealth        | |  1.5
Conjurations   | |  0.9
Fire Magic     | |  2.4

Action                   || total
-------------------------++-------
Melee: Unarmed           ||     4
 Cast: Flame Tongue      ||    14
Dodge: Dodged            ||    10

Table legend:
 A = Spawn XP
 B = Non-spawn XP
 C = Spawn XP percentage of total XP
 D = Spawn monster count
 E = Non-spawn monster count
 F = Spawn count percentage of total count
 G = Total turns spent on level
                    A         B        C        D         E        F      G
               +---------+---------+-------+---------+---------+-------+---------
         Total |       0 |       9 |   0.0 |       0 |       4 |   0.0 |   455
               +---------+---------+-------+---------+---------+-------+---------
           D:1 |       0 |       9 |   0.0 |       0 |       4 |   0.0 |   455
               +---------+---------+-------+---------+---------+-------+---------
